 Dungeon Crawl Stone Soup version 0.22-a0-21-g9421e3f (webtiles) character file.

10 Alarkh the Slasher (level 2, 24/24 HPs)
             Began as a Demonspawn Berserker on Jan 2, 2018.
             Was a Follower of Trog.
             Got out of the dungeon alive.
             The game lasted 00:00:27 (438 turns).

Alarkh the Slasher (Demonspawn Berserker)            Turns: 438, Time: 00:00:28

Health: 24/24      AC:  2    Str: 17    XL:     2   Next: 10%
Magic:  2/2        EV: 12    Int:  8    God:    Trog [*.....]
Gold:   9          SH:  0    Dex: 12    Spells: 1/1 levels left

rFire    . . .     SeeInvis .   a - +0 falchion
rCold    . . .     Gourm    .   (no shield)
rNeg     . . .     Faith    .   b - +0 animal skin
rPois    .         Spirit   .   (no helmet)
rElec    .         Reflect  .   (no cloak)
rCorr    .         Harm     .   (no gloves)
MR       .....                  (no boots)
Stlth    +.........             (no amulet)
HPRegen  0.08/turn              (no ring)
MPRegen  0.08/turn              (no ring)

@: no status effects
A: rot immunity
a: Berserk, Burn Spellbooks, Renounce Religion


You escaped.
You worshipped Trog.
Trog was aware of your devotion.
You were not hungry.

You visited 1 branch of the dungeon, and saw 1 of its levels.

You collected 9 gold pieces.

Inventory:

Hand Weapons
 a - a +0 falchion (weapon)
Armour
 b - a +0 animal skin (worn)
Jewellery
 d - an uncursed ring of wizardry {unknown}
Scrolls
 f - a scroll of identify {unknown}
 g - a scroll of remove curse {unknown}
 i - a scroll of magic mapping {unknown}
 k - a scroll of fear {unknown}
Potions
 e - a potion of flight {unknown}
 h - a potion of haste {unknown}
Comestibles
 c - a ration
 j - a chunk of flesh


   Skills:
 - Level 3.0 Fighting
 + Level 3.3 Long Blades
 - Level 1.7 Armour
 - Level 1.7 Dodging


You had one spell level left.
You didn't know any spells.

Dungeon Overview and Level Annotations

Branches:
Dungeon (1/15)

Altars:
Nemelex Xobeh


Innate Abilities, Weirdness & Mutations

You are immune to rotting.


Message History

No target in view!
No target in view!
Saving game... please wait.
Welcome back, Alarkh the Demonspawn Berserker.
Trog says: Kill them all!
Press ? for a list of commands and other information.
You see here a bat corpse.
You feel a strong urge to attack something.
Found a ration.
You are no longer berserk.
You are exhausted.
You feel yourself slow down.
j - a chunk of flesh You see here a bat skeleton. x2
HP restored.
You feel yourself speed up.
You recover from your berserk rage.
There is a staircase leading out of the dungeon here.
Are you sure you want to leave the Dungeon?
This will make you lose the game!
You have escaped!

#.. #.. #..
################..
######...........##...#
......................#
# #P.....P#≈#P..##....#
##≈##P...P##≈##P.##....#
≈≈≈≈≈..@..≈≈≈≈≈..#......
##≈##P...P##≈##P.#.(....
P#≈#P.....P#≈#P..#......
.................#......
.................+......
...........#.#####......
...........#..## #......
...............# ##.....
....#####......# #.....


There were no monsters in sight!

Vanquished Creatures
  A leopard gecko (D:1)
  A bat (D:1)
  A goblin (D:1)
  A hobgoblin (D:1)
  2 kobolds (D:1)
  2 frilled lizards (D:1)
  A rat (D:1)
9 creatures vanquished.

Notes
Turn   | Place    | Note
-------+----------+-------------------------------------------
     0 | D:1      | Alarkh the Demonspawn Berserker began the quest for the Orb.
     0 | D:1      | Reached XP level 1. HP: 18/18 MP: 1/1
   330 | D:1      | Found a sparkling altar of Nemelex Xobeh.
   399 | D:1      | Gained mutation: You are immune to rotting. [demonic ancestry]
   399 | D:1      | Reached XP level 2. HP: 24/24 MP: 2/2
   438 | D:$      | Got out of the dungeon alive.

Vault maps used:
D:1:      eino_arrival_water_cross, st_stairs_14, minmay_misc_feat_pillars,
          nemelex_diamond_rough_becter

Skill      XL: |  1 |
---------------+----+-----
Long Blades    | 3 |  3.3
Fighting       | |  3.0
Armour         | |  1.7
Dodging        | |  1.7

Action                   || total
-------------------------++-------
Melee: Falchion          ||    28
Invok: Berserk           ||     1
Armor: Animal skin       ||     5
Dodge: Dodged            ||    21
       Rpst.: Falchion   ||     7

Table legend:
 A = Spawn XP
 B = Non-spawn XP
 C = Spawn XP percentage of total XP
 D = Spawn monster count
 E = Non-spawn monster count
 F = Spawn count percentage of total count
 G = Total turns spent on level
                    A         B        C        D         E        F      G
               +---------+---------+-------+---------+---------+-------+---------
         Total |       0 |      15 |   0.0 |       0 |       9 |   0.0 |   438
               +---------+---------+-------+---------+---------+-------+---------
           D:1 |       0 |      15 |   0.0 |       0 |       9 |   0.0 |   438
               +---------+---------+-------+---------+---------+-------+---------
